 Dungeon Crawl Stone Soup version 0.30.0-16-gbe6223bb7e (webtiles) character file.

Game seed: 11434551993503763304

624 croobank the Firebug (level 7, -5/51 HPs)
             Began as a Demonspawn Fire Elementalist on May 20, 2023.
             Was an Initiate of Gozag.
             Slain by a gnoll sergeant
             ... wielding a +0 trident
              (6 damage)
             ... on level 5 of the Dungeon.
             The game lasted 00:13:07 (4297 turns).

croobank the Firebug (Demonspawn Fire Elementalist) Turns: 4297, Time: 00:13:08

Health: -5/51      AC:  5    Str:  8    XL:     7   Next: 22%
Magic:  21/21      EV: 10    Int: 19    God:    Gozag
Gold:   505        SH:  0    Dex: 13    Spells: 6/12 levels left

rFire   . . .        a - +2 dagger (speed)
rCold   . . .        (no shield)
rNeg    . . .        c - +0 robe
rPois   .            (helmet restricted)
rElec   .            (no cloak)
rCorr   .            (no gloves)
SInv    .            u - +2 pair of boots
Will    .....        (no amulet)
Stlth   ++           j - ring of magical power
HPRegen 0.28/turn    (no ring)
MPRegen 0.17/turn

%: no passive effects
@: held
A: horns 2, repulsion field 2, spiny 1
a: Renounce Religion, Potion Petition, Call Merchant, Bribe Branch


You were on level 5 of the Dungeon.
You worshipped Gozag.
Gozag was pleased with you.
You visited 1 branch of the dungeon, and saw 6 of its levels.

You collected 505 gold pieces.

Inventory:

Hand Weapons
 a - a +2 dagger of speed (weapon)
 b - a +0 sling
 e - a +0 long sword
 g - a +0 short sword
 i - a +2 dagger of electrocution
 n - a +1 dagger of venom
 q - a +0 war axe
Missiles
 p - 4 poisoned darts
Armour
 c - a +0 robe (worn)
 u - a +2 pair of boots (worn)
Jewellery
 j - a ring of magical power (left hand)
 s - a ring of fire
 t - a ring of see invisible
 w - a ring of willpower
Wands
 l - a wand of flame (22)
 m - a wand of quicksilver (9)
Scrolls
 o - a scroll of vulnerability
 v - a scroll of teleportation
Potions
 d - a potion of lignification
 f - 2 potions of curing
 h - 4 potions of haste
 k - a potion of berserk rage


   Skills:
 + Level 2.4 Fighting
 + Level 3.3 Dodging
 + Level 3.6 Stealth
 + Level 3.4 Spellcasting
 + Level 3.3 Conjurations
 + Level 3.9 Fire Magic


You had 6 spell levels left.
You knew the following spells:

 Your Spells              Type           Power      Damage    Failure   Level
a - Foxfire               Conj/Fire      68%        2x1d7     3%          1
b - Scorch                Fire           36%        2d7       4%          2
c - Inner Flame           Hex/Fire       10%        N/A       19%         3

Your spell library contained the following spells:

 Spells                   Type           Power      Damage    Failure   Level
 Apportation              Tloc           6%         N/A       14%         1
 Volatile Blastmotes      Fire/Tloc      20%        2d11      19%         3
 Flame Wave               Conj/Fire      17%        2d7       32%         4
 Tukima's Dance           Hex            3%         N/A       41%         3
 Passage of Golubria      Tloc           3%         N/A       82%         4
 Alistair's Intoxication  Tmut/Pois      2%         N/A       99%         5
 Yara's Violent Unravell  Hex/Tmut       1%         3d3       99%         5


Dungeon Overview and Level Annotations

Branches:
Dungeon (6/15)
 Temple: D:4-7

Altars:
Cheibriados
Gozag


Innate Abilities, Weirdness & Mutations

You have a pair of horns on your head.
You are surrounded by a moderate repulsion field. (EV +3)
You are partially covered in sharp spines.


Message History

You kill the ufetubus!
Casting: Scorch (safe; 4% risk of failure)
Confirm with . or Enter, or press ? or * to list all spells.
You can't see any susceptible monsters within range! (Use Z to cast anyway.)
You start resting.
Magic restored.
You start resting.
HP restored.
You now have 484 gold pieces (gained 5).
You now have 500 gold pieces (gained 16).
You now have 505 gold pieces (gained 5).
There is a stone staircase leading up here.
You climb upwards.
The gnoll throws a throwing net.
The throwing net hits you.
You become entangled in the net!
The gnoll hits you with a +0 whip.
The gnoll sergeant hits you from afar with a +0 trident.
There is a stone staircase leading down, spattered with blood here.
You see here a throwing net.
You struggle against the net.
The gnoll hits you with a +0 whip.
The gnoll sergeant hits you from afar with a +0 trident!
You tear a large gash into the net.
The gnoll hits you from afar with a +0 halberd!
* * * LOW HITPOINT WARNING * * *
The gnoll is struck by your spines. The gnoll closely misses you.
The gnoll sergeant barely misses you.
Casting: Scorch (safe; 4% risk of failure)
Confirm with . or Enter, or press ? or * to list all spells.
Okay, then.
You feel better. The gnoll barely misses you.
The gnoll hits you with a +0 whip. The gnoll barely misses you.
The gnoll sergeant hits you from afar with a +0 trident!
* * * LOW HITPOINT WARNING * * *
You struggle against the net.
The gnoll hits you from afar with a +0 halberd!
* * * LOW HITPOINT WARNING * * *
The gnoll is struck by your spines. The gnoll hits you with a +0 whip.
* * * LOW HITPOINT WARNING * * *
The gnoll barely misses you.
The gnoll sergeant hits you from afar with a +0 trident.
You die...
Your body crumbles into a pile of gold.

#######....##..####.....(..#
.......##.............## ##
####+####.####.......## .
#...##......[# ####
###.##.......# ....
.######.##.......+ ###
.ggg.g.ggg.......#
########.g.#.......
#@.......... #####.....#
#### ### #.. #.###
#########.#.####### #
#.........#.......# ##
#.........#.#####.# .#
#.........#.#..<#.#


You could see a gnoll sergeant and 3 gnolls.

Vanquished Creatures
  Sigmund (D:2)
  An ice beast (D:6)
  A scorpion (D:6)
  A hound (D:5)
  An iron imp (D:3)
  3 iguanas (D:5)
  An orc wizard (D:2)
  A gnoll (D:5)
  4 adders
  2 white imps (D:5)
  2 ufetubi
  2 worms (D:3)
  A dart slug (D:4)
  5 orcs
  4 bats
  6 endoplasms
  2 giant cockroaches (D:2)
  7 hobgoblins
  7 kobolds
  5 quokkas
  9 ball pythons
  6 frilled lizards
  7 goblins
  4 rats
83 creatures vanquished.

Vanquished Creatures (others)
  127 foxfires
127 creatures vanquished.

Grand Total: 210 creatures vanquished

Notes
Turn   | Place    | Note
-------+----------+-------------------------------------------
     0 | D:1      | croobank the Demonspawn Fire Elementalist began the quest
                  | for the Orb.
     0 | D:1      | Reached XP level 1. HP: 13/13 MP: 3/3
   179 | D:1      | Gained mutation: You have a pair of small horns on your
                  | head. [demonic ancestry]
   179 | D:1      | Reached XP level 2. HP: 19/19 MP: 1/5
   470 | D:1      | Learned a level 2 spell: Scorch
   904 | D:1      | Found a faded altar of an unknown god.
   910 | D:1      | Prayed at the altar of an unknown god.
   910 | D:1      | Became a worshipper of Gozag Ym Sagoz the Greedy
  1068 | D:2      | Reached XP level 3. HP: 24/24 MP: 4/6
  1636 | D:2      | You fall into a shaft and drop 1 floor!
  2341 | D:3      | Found a snail-covered altar of Cheibriados.
  2357 | D:3      | Gained mutation: You have a pair of horns on your head.
                  | [demonic ancestry]
  2357 | D:3      | Reached XP level 4. HP: 17/31 MP: 7/7
  2477 | D:3      | Learned a level 3 spell: Inner Flame
  2486 | D:2      | Noticed Sigmund
  2496 | D:2      | Killed Sigmund
  2497 | D:2      | Reached skill level 1 in Fighting
  2497 | D:2      | Gained mutation: You are surrounded by a mild repulsion
                  | field. (EV +2) [demonic ancestry]
  2497 | D:2      | Reached XP level 5. HP: 15/37 MP: 5/9
  2512 | D:2      | Gained mutation: You are surrounded by a moderate repulsion
                  | field. (EV +3) [demonic ancestry]
  2512 | D:2      | Reached XP level 6. HP: 19/43 MP: 0/10
  3796 | D:5      | Entered Level 5 of the Dungeon
  3868 | D:5      | Found an opulent altar of Gozag.
  4140 | D:6      | Noticed an ice beast
  4148 | D:6      | Killed an ice beast
  4149 | D:6      | Gained mutation: You are partially covered in sharp spines.
                  | [demonic ancestry]
  4149 | D:6      | Reached XP level 7. HP: 18/51 MP: 5/12
  4297 | D:5      | HP: 1/51 [gnoll/+0 whip[a gnoll sergeant] (6)]
  4297 | D:5      | Slain by a gnoll sergeant

Illustrated notes

Levels and vault maps discovered:
D:1:      shiori_arrival_elements, layout_basic,
          nicolae_ecumenical_snake_handling
D:2:      layout_loops_corners, uniq_sigmund
D:3:      layout_loops_ring, slow_altar_1, nicolae_underground_beach
D:4:      layout_rooms
D:5:      layout_basic, mainiacjoe_overflow_small_starburst
D:6:      minmay_recursive_quarters, layout_layer_cave,
          nicolae_wu_jian_wuxing_cycle, ashenzari_altar_1,
          minmay_temple_entry_trees, grunt_ministairs_6, minivault_1,
          uniq_menkaure

Skill      XL: |  1  2  3  4  5  6 |
---------------+-------------------+-----
Stealth        | 2 3 |  3.6
Dodging        | 2 3 |  3.3
Fire Magic     | 3 |  3.9
Conjurations   | 2 3 |  3.3
Fighting       | 1 2 |  2.4
Spellcasting   | 3 |  3.4

Action                     |  1- 3 |  4- 6 |  7- 9 || total
---------------------------+-------+-------+-------++-------
  Melee: Unarmed           |    16 |       |       ||    16
         Dagger            |    21 |    27 |     3 ||    51
         Headbutt          |     6 |     4 |       ||    10
         Punch             |     1 |       |       ||     1
   Fire: Sling             |    14 |     2 |       ||    16
   Cast: Foxfire           |    51 |    23 |       ||    74
         Scorch            |     3 |    34 |     1 ||    38
    Use: Potion            |     1 |     1 |     1 ||     3
         Scroll            |     7 |     4 |       ||    11
   Stab: Sleeping          |     2 |     4 |       ||     6
 Armour: Robe              |     4 |     6 |       ||    10
  Dodge: Dodged            |    27 |    42 |     6 ||    75
